 Dungeon Crawl Stone Soup version 0.29.1-12-g30fa7ad0bf (webtiles) character file.

Game seed: 11162712784640013474

12 hawla the Firebug (level 2, -1/20 HPs)
             Began as a Meteoran Fire Elementalist on Jan 9, 2023.
             Slain by an adder (2 damage)
             ... on level 3 of the Dungeon.
             The game lasted 00:01:32 (109 turns).

hawla the Firebug (Meteoran Fire Elementalist)       Turns: 109, Time: 00:01:34

Health: -1/20      AC:  2    Str:  9    XL:     2   Next: 64%
Magic:  7/7        EV: 12    Int: 16    God:
Gold:   0          SH:  0    Dex: 14    Spells: 4/7 levels left

rFire   . . .      SeeInvis .   (no weapon)
rCold   . . .      Faith    .   (no shield)
rNeg    . . .      Spirit   .   a - +0 robe
rPois   .          Reflect  .   (no helmet)
rElec   .          Harm     .   (no cloak)
rCorr   .          Rampage  .   (no gloves)
Will    .....                   (no boots)
Stlth   +.........              (no amulet)
HPRegen 0.06/turn               (no ring)
MPRegen 0.10/turn               (no ring)

@: glowing
A: sense surroundings 1, otherworldly, glowing, explore regen
a: no special abilities


You were on level 3 of the Dungeon.
You visited 1 branch of the dungeon, and saw 3 of its levels.

Inventory:

Armour
 a - a +0 robe (worn)
Scrolls
 d - a scroll of teleportation {unknown}
Potions
 c - a potion of degeneration {unknown}


   Skills:
 + Level 2.5 Dodging
 - Level 1.4 Stealth
 + Level 3.0 Spellcasting
 + Level 1.2 Conjurations
 + Level 4.2 Fire Magic


You had 4 spell levels left.
You knew the following spells:

 Your Spells              Type           Power      Damage    Failure   Level
a - Foxfire               Conj/Fire      44%        2x1d6     6%          1
b - Scorch                Fire           30%        2d7       4%          2

Your spell library contained the following spells:

 Spells                   Type           Power      Damage    Failure   Level
 Conjure Flame            Conj/Fire      11%        6-21      19%         3
 Inner Flame              Hex/Fire       9%         N/A       24%         3
 Flame Wave               Conj/Fire      11%        2d6       52%         4


Dungeon Overview and Level Annotations

Branches:
Dungeon (3/15) Zot: 1688

Altars:


Innate Abilities, Weirdness & Mutations

You passively map a small area around you.
You are easily found by Zot.
You glow in the dark.
You regain HP and MP as you explore.


Message History

The orc shouts!
Casting: Foxfire (safe; 6% risk of failure)
Confirm with . or Enter, or press ? or * to list all spells.
You conjure some foxfire!
The orc hits you but does no damage.
Casting: Foxfire (safe; 6% risk of failure)
Confirm with . or Enter, or press ? or * to list all spells.
You conjure some foxfire!
The foxfire hits the orc but does no damage.
The orc is heavily wounded.
The foxfire hits the orc.
You kill the orc!
Casting: Foxfire (safe; 6% risk of failure)
Confirm with . or Enter, or press ? or * to list all spells.
Flames lash something.
You hear an angry hiss.
The foxfire hits something. x2
Unknown command.
An adder comes into view.
The adder hisses angrily.
A quokka comes into view.
The adder misses you.
Casting: Scorch (safe; 4% risk of failure)
Confirm with . or Enter, or press ? or * to list all spells.
You conjure some foxfire!
The adder completely misses you. Something hits you.
Casting: Foxfire (safe; 6% risk of failure)
Confirm with . or Enter, or press ? or * to list all spells.
You conjure some foxfire!
The foxfire hits the adder.
The adder is heavily wounded.
The foxfire hits the adder.
The adder is heavily wounded.
The adder closely misses you.
The foxfire hits the orc.
The orc is lightly wounded.
Something hits you but does no damage. Magic courses through your body.
The adder bites you. The orc hits you with a +0 club.
* * * LOW HITPOINT WARNING * * *
Something hits you.
* * * LOW HITPOINT WARNING * * *
The adder bites you.
You die...

, * ,, , *** ,,
###### *#.##. ** *
#..... ..... , ..
..#* #.#.# , *#.
#.####.#.# #.
#......#.# *
#####S##..###.#.# ,
#.....@.r.....#.####
#.##.§oo)..........#
, *
*#...#.#....<.##.# *
* ,
#####.#......).....
* , , *
#.#......##.##.
...<....... ..
....##.#.##. ##
#...###.#.#*,# ##...
..#.. , ,


You could see an adder, 2 orcs and a quokka.

Vanquished Creatures
  2 orcs (D:3)
  A ball python (D:1)
  A bat zombie (D:2)
  A hobgoblin (D:2)
  A frilled lizard (D:1)
  A goblin (D:2)
  A jackal skeleton (D:2)
  A kobold (D:2)
  2 rats
11 creatures vanquished.

Vanquished Creatures (others)
  28 foxfires
28 creatures vanquished.

Grand Total: 39 creatures vanquished

Notes
Turn   | Place    | Note
-------+----------+-------------------------------------------
     0 | D:1      | hawla the Meteoran Fire Elementalist began the quest for
                  | the Orb.
     0 | D:1      | Reached XP level 1. HP: 14/14 MP: 5/5
    67 | D:2      | Reached XP level 2. HP: 16/20 MP: 3/6
    70 | D:2      | Reached skill level 4 in Fire Magic
    82 | D:2      | Learned a level 2 spell: Scorch
   109 | D:3      | HP: 1/20 [something (4)]
   109 | D:3      | Slain by an adder

Illustrated notes

Levels and vault maps discovered:
D:1:      dpeg_arrival_subterranean_lakeside_camping, layout_basic,
          hellmonk_ecumenical_altar_watching_god, grunt_decor_arrowhead
D:2:      layout_loops_cross, basic_altar, serial_undead, serial_undead_b,
          serial_undead_b, serial_undead_a, serial_undead_a
D:3:      layout_loops_ring, mainiacjoe_overflow_tiny_flanked

Skill      XL: |  1  2 |
---------------+-------+-----
Fire Magic     | 4 |  4.2
Spellcasting   | 3 |  3.0
Dodging        | |  2.5
Stealth        | |  1.4
Conjurations   | |  1.2

Action                   || total
-------------------------++-------
Melee: Unarmed           ||     9
 Cast: Foxfire           ||    17
       Scorch            ||     2
  Use: Potion            ||     1
Armor: Robe              ||     6
Dodge: Dodged            ||    18
